 Dungeon Crawl Stone Soup version 0.30-a0-1066-g63dfefce0d (webtiles) character file.

Game seed: 15445239788511395243

2553 cheesebisquit the Arsonist (level 9, -4/72 HPs)
             Began as a Black Draconian Fire Elementalist on Apr 12, 2023.
             Was a Follower of Vehumet.
             Engulfed by a cloud of flame (17 damage)
             ... on level 8 of the Dungeon on Apr 13, 2023.
             The game lasted 00:37:17 (8092 turns).

cheesebisquit the Arsonist (DrFE)                   Turns: 8092, Time: 00:37:17

Health: -4/72      AC: 10    Str: 11    XL:     9   Next: 31%
Magic:  18/18      EV: 12    Int: 26    God:    Vehumet [*.....]
Gold:   206        SH:  0    Dex: 11    Spells: 3/20 levels left

rFire   . . .      SeeInvis +    J - +3 dire flail (freeze)
rCold   . . .      Faith    .    (shield currently unavailable)
rNeg    . . .      Spirit   .    (body armour unavailable)
rPois   .          Reflect  .    (helmet restricted)
rElec   +          Rampage  .    B - +0 cloak
rCorr   .                        f - +0 pair of gloves
Will    .....                    r - +0 pair of boots
Stlth   ++                       D - amulet of magic regeneration
HPRegen 0.32/turn                p - +6 ring of intelligence
MPRegen 0.56/turn                a - ring of see invisible

@: no status effects
A: breathe lightning, AC +7, unfitting armour, electricity resistance,
cold-blooded
a: Breathe Lightning, Renounce Religion


You were on level 8 of the Dungeon.
You worshipped Vehumet.
Vehumet was aware of your devotion.
You visited 2 branches of the dungeon, and saw 9 of its levels.

You collected 406 gold pieces.
You spent 200 gold pieces at shops.

Inventory:

Hand Weapons
 i - a +0 whip
 j - a +2 vampiric trident
 t - a +2 whip of distortion
 J - a +3 dire flail of freezing (weapon)
Missiles
 m - 14 poisoned darts
 H - 2 curare-tipped darts
Armour
 f - a +0 pair of gloves (worn)
 r - a +0 pair of boots (worn)
 B - a +0 cloak (worn)
Jewellery
 a - a ring of see invisible (right hand)
 e - a ring of positive energy
 l - a ring of resist corrosion
 p - a +6 ring of intelligence (left hand)
 q - a +6 ring of dexterity
 x - a +5 ring of evasion
 D - an amulet of magic regeneration (around neck)
Wands
 y - a wand of flame (22)
 I - a wand of light (8)
Scrolls
 g - a scroll of silence
 h - 2 scrolls of fog
 k - a scroll of enchant armour {unknown}
 s - 3 scrolls of teleportation
 v - a scroll of immolation {unknown}
 C - a scroll of fear {unknown}
 G - a scroll of magic mapping {unknown}
 K - a scroll of identify
Potions
 c - 5 potions of might
 d - 2 potions of berserk rage
 o - 2 potions of lignification
 w - a potion of degeneration {unknown}
 z - a potion of mutation {unknown}
 A - 2 potions of haste
 E - a potion of magic
 F - 3 potions of attraction


   Skills:
 + Level 4.6 Fighting
 - Level 1.7 Dodging
 - Level 1.7 Stealth
 + Level 6.3 Spellcasting
 - Level 1.0 Conjurations
 * Level 10.3 Fire Magic


You had 3 spell levels left.
You knew the following spells:

 Your Spells              Type           Power      Damage    Failure   Level
a - Foxfire               Conj/Fire      100%       2x1d9     1%          1
b - Volatile Blastmotes   Fire/Tloc      70%        2d15      2%          3
c - Inner Flame           Hex/Fire       35%        N/A       2%          3
d - Flame Wave            Conj/Fire      37%        2d10      6%          4
e - Sticky Flame          Conj/Fire      37%        2d6       6%          4
z - Scorch                Fire           100%       2d9       1%          2

Your spell library contained the following spells:

 Spells                   Type           Power      Damage    Failure   Level
 Freeze                   Ice            32%        1d5       7%          1
 Magic Dart               Conj           52%        1d5       4%          1
 Static Discharge         Conj/Air       20%        2-3/arc   9%          2
 Call Imp                 Summ           16%        N/A       10%         2
 Stone Arrow              Conj/Erth      20%        3d8       16%         3
 Mephitic Cloud           Conj/Pois/Air  10%        N/A       17%         3
 Vampiric Draining        Necr           8%         2d6       21%         3
 Airstrike                Air            4%         2d(1-17)  54%         4
 Animate Dead             Necr           8%         N/A       54%         4
 Summon Lightning Spire   Summ/Air       8%         N/A       54%         4
 Borgnjor's Vile Clutch   Necr/Erth      4%         N/A       88%         5
 Death Channel            Necr           4%         N/A       100%        6
 Lehudib's Crystal Spear  Conj/Erth      5%         10d3      100%        8
 Necromutation            Tmut/Necr      4%         N/A       100%        8
 Chain Lightning          Conj/Air       5%         3d6       100%        9
 Fire Storm               Conj/Fire      18%        8d5       100%        9
 Shatter                  Erth           4%         3d7*      100%        9
 Animate Armour           Summ/Erth      Unusable   N/A       N/A         4

Dungeon Overview and Level Annotations

Branches:
Dungeon (8/15)             Temple (1/1) D:4
   Lair: D:8-11

Altars:
Ashenzari
Cheibriados
Dithmenos
Elyvilon
Fedhas
Gozag
Hepliaklqana
Kikubaaqudgha
Nemelex Xobeh
Qazlal
Ru
Sif Muna
Trog
Vehumet
Wu Jian
Xom
Yredelemnul
The Shining One

Shops:
D:5 *

Annotations:
D:5 3 runed translucent doors, kitsune's ghost, novice HuFi


Innate Abilities, Weirdness & Mutations

You can breathe wild blasts of lightning.
Your glossy black scales are hard. (AC +7)
You cannot fit into any form of body armour.
You are resistant to electric shocks. (rElec)
You are cold-blooded and may be slowed by cold attacks.


Message History

You kill the kobold brigand!
Vehumet accepts your kill.
A kobold comes into view. It is wielding a +0 dagger.
Casting: Foxfire (safe; 1% risk of failure)
Confirm with . or Enter, or press ? or * to list all spells.
Okay, then.
You feel much better.
You are engulfed in blazing flames.
Casting: Foxfire (safe; 1% risk of failure)
Confirm with . or Enter, or press ? or * to list all spells.
Flames lash the kobold.
Vehumet accepts your kill.
The kobold explodes!
The fiery explosion engulfs the kobold!!
You kill the kobold!
Vehumet accepts your kill.
You feel your power returning.
The fiery explosion engulfs the kobold!!
You kill the kobold!
Vehumet accepts your kill.
The fiery explosion engulfs the kobold!!
Vehumet accepts your kill.
The fiery explosion engulfs the kobold!!
You kill the kobold!
Vehumet accepts your kill.
The kobold explodes!
You are engulfed in blazing flames.
You are engulfed in blazing flames.
You are confused.
You feel invigorated.
You are engulfed in blazing flames.
* * * LOW HITPOINT WARNING * * *
You feel better.
You are engulfed in blazing flames.
* * * LOW HITPOINT WARNING * * *
You feel less invigorated.
You feel better.
You are engulfed in blazing flames.
* * * LOW HITPOINT WARNING * * *
You feel better.
You are engulfed in blazing flames.
* * * LOW HITPOINT WARNING * * *
Okay, then.
You are engulfed in blazing flames.
You die...

########## #........#
#.######.# #.# #.#
#.######.###.##.
###§#####.##............
...☼§§○§#........###.###
###§###@#.##.###.#
#.#.##.###.#
#.#........#
#.#.###.#..#
...###.#.###....####
....................+
........####....†.###
#.#.##### #....#.# #
######.#


There were no monsters in sight!

Vanquished Creatures
  Grinder (D:3)
  2 black bears (D:6)
  An orc warrior (D:8)
  An ogre (D:4)
  2 phantoms
  3 bullfrogs
  Blork the orc (D:5)
  A gnoll sergeant (D:6)
  3 kobold brigands
  4 scorpions
  4 wights (D:7)
  2 howler monkeys
  3 orc priests
  5 hounds
  2 jellies
  3 iguanas
  2 sleepcaps (D:6)
  Terence (D:3)
  4 orc wizards
  4 adders
  8 gnolls
  A white imp (D:4)
  An ufetubus (D:7)
  A worm (D:3)
  3 dart slugs
  23 orcs
  7 endoplasms
  A giant cockroach (D:3)
  7 goblins
  9 hobgoblins
  4 jackals (D:5)
  19 kobolds
  2 quokkas
  6 ball pythons
  8 bats
  2 frilled lizards
  12 rats
163 creatures vanquished.

Vanquished Creatures (others)
  342 foxfires
342 creatures vanquished.

Grand Total: 505 creatures vanquished

Notes
Turn   | Place    | Note
-------+----------+-------------------------------------------
     0 | D:1      | cheesebisquit the Draconian Fire Elementalist began the
                  | quest for the Orb.
     0 | D:1      | Reached XP level 1. HP: 14/14 MP: 3/3
   252 | D:1      | Reached XP level 2. HP: 20/20 MP: 1/5
  1085 | D:1      | Reached skill level 4 in Fire Magic
  1320 | D:2      | Reached XP level 3. HP: 21/26 MP: 2/6
  1337 | D:2      | Learned a level 2 spell: Scorch
  1341 | D:2      | Learned a level 3 spell: Volatile Blastmotes
  2004 | D:2      | Reached XP level 4. HP: 33/33 MP: 4/7
  2683 | D:3      | Reached skill level 5 in Fire Magic
  3091 | D:3      | Noticed Terence
  3102 | D:3      | Killed Terence
  3103 | D:3      | Reached XP level 5. HP: 34/38 MP: 1/9
  3416 | D:3      | Learned a level 3 spell: Inner Flame
  3787 | D:3      | Noticed Grinder
  3795 | D:3      | Paralysed by Grinder for 2 turns
  3798 | D:3      | Killed Grinder
  3799 | D:3      | Reached skill level 6 in Fire Magic
  3799 | D:3      | Reached XP level 6. HP: 37/45 MP: 7/11
  4118 | D:4      | Found a staircase to the Ecumenical Temple.
  4127 | Temple   | Entered the Ecumenical Temple
  4654 | D:4      | Reached skill level 7 in Fire Magic
  4659 | D:4      | Learned a level 4 spell: Flame Wave
  4797 | D:4      | Your scales start taking on a glossy black colour.
  4797 | D:4      | Reached XP level 7. HP: 50/50 MP: 11/13
  4797 | D:4      | Gained mutation: You are resistant to electric shocks.
                  | (rElec) [Black Draconian growth]
  5113 | D:5      | Entered Level 5 of the Dungeon
  5563 | D:5      | Found Sewer's Specific Store.
  5563 | D:5      | Found Hilanuin's General Store.
  5694 | D:5      | Bought a scroll of fog for 52 gold pieces
  5698 | D:5      | Bought a scroll of identify for 28 gold pieces
  5698 | D:5      | Bought a wand of flame (8) for 78 gold pieces
  5698 | D:5      | Bought a scroll of teleportation for 42 gold pieces
  5921 | D:5      | Found a runed translucent gate.
  5921 | D:5      | Found a runed translucent gate.
  5923 | D:5      | Found a runed translucent gate.
  5924 | D:5      | Noticed kitsune's ghost (novice HuFi)
  5975 | D:5      | Found a shimmering blue altar of Sif Muna.
  5975 | D:5      | Noticed Blork the orc
  5989 | D:5      | Killed Blork the orc
  5990 | D:5      | Reached skill level 8 in Fire Magic
  6186 | D:5      | Found a hazy altar of Hepliaklqana.
  6191 | D:5      | Found an ornate altar of the Wu Jian Council.
  6194 | D:5      | Found a shimmering altar of Xom.
  6196 | D:5      | Found a radiant altar of Vehumet.
  6201 | D:5      | Found a stormy altar of Qazlal.
  6203 | D:5      | Became a worshipper of Vehumet
  6319 | D:6      | Reached skill level 1 in Fighting
  6319 | D:6      | Reached skill level 5 in Spellcasting
  6319 | D:6      | Reached XP level 8. HP: 38/59 MP: 0/15
  7006 | D:6      | Reached skill level 9 in Fire Magic
  7329 | D:7      | Reached * piety under Vehumet
  7329 | D:7      | Offered knowledge of Freeze by Vehumet.
  7608 | D:7      | Reached XP level 9. HP: 71/71 MP: 12/17
  7693 | D:7      | Learned a level 4 spell: Sticky Flame
  7726 | D:7      | Reached skill level 10 in Fire Magic
  7869 | D:8      | Got the Annotations on the Mortuary
  8092 | D:8      | Engulfed by a cloud of flame

Illustrated notes

Levels and vault maps discovered:
D:1:      dpeg_arrival_signposts, layout_loops_cross, minmay_rat_gold_closets
D:2:      wander_river, layout_loops_corners
D:3:      layout_rooms, kennysheep_small_spiral, uniq_terence, uniq_grinder
D:4:      layout_loops_ring, lemuel_temple_firewalk_b
D:5:      layout_cave_pools, nicolae_overflow_hallway_of_the_gods,
          gammafunk_ghost_split, nicolae_specific_store, chequers_mini_garden,
          uniq_blork_the_orc
D:6:      layout_basic
D:7:      layout_cave_pools, serial_column_ruins, column_ruins_circle_medium,
          column_ruins_open_small, column_ruins_columns_straight,
          column_ruins_corridor_water, column_ruins_grid_1,
          column_ruins_open_tiny, column_ruins_open_small,
          column_ruins_columns_plus
D:8:      layout_loops_corners, nicolae_titane
Temple:   minmay_temple_bridge_abc

Skill      XL: |  1  2  3  4  5  6  7  8  9 |
---------------+----------------------------+-----
Fire Magic     | 4 5 6 7 8 9 10 | 10.3
Spellcasting   | 3 4 5 6 |  6.3
Fighting       | 1 3 4 |  4.6
Dodging        | |  1.7
Stealth        | |  1.7
Conjurations   | |  1.0

Action                     |  1- 3 |  4- 6 |  7- 9 || total
---------------------------+-------+-------+-------++-------
  Melee: Unarmed           |     7 |       |       ||     7
         Trident           |     8 |     3 |     8 ||    19
         Tailslap          |     2 |       |     2 ||     4
         Whip              |     1 |       |       ||     1
         Punch             |       |       |     2 ||     2
         Dire flail        |       |       |     1 ||     1
   Cast: Foxfire           |    36 |    56 |   107 ||   199
         Volatile Blastmot |     5 |     2 |     1 ||     8
         Scorch            |       |    22 |    55 ||    77
         Inner Flame       |       |     3 |    12 ||    15
         Sticky Flame      |       |       |     1 ||     1
    Use: Potion            |       |     1 |     5 ||     6
         Scroll            |       |       |    10 ||    10
 Armour: Skin              |    19 |    11 |    15 ||    45
  Dodge: Dodged            |    34 |    23 |    38 ||    95

Table legend: (Time is in decaauts)
 A = Elapsed time spent in this place.
 B = Non-inter-level travel time spent in this place.
 C = Inter-level travel time spent in this place.
 D = Time resting spent in this place.
 E = Time spent auto-exploring this place.
 F = Levels seen in this place.
 G = Mean time per level.
                   A        B        C        D        E       F      G
               +--------+--------+--------+--------+--------+-----+--------+
         Total |   8119 |   7592 |    527 |    506 |   6022 |   9 |  902.1 |
       Dungeon |   7924 |   7419 |    505 |    506 |   5855 |   8 |  990.5 |
        Temple |    194 |    172 |     22 |      0 |    167 |   1 |  194.0 |
               +--------+--------+--------+--------+--------+-----+--------+

Top non-repeatable levels by time:
     D:1: 1384 daAuts
     D:2: 1334 daAuts
     D:3: 1271 daAuts
     D:5: 1090 daAuts
     D:4: 1022 daAuts
     D:6: 986 daAuts
     D:7: 548 daAuts
     D:8: 287 daAuts
  Temple: 194 daAuts
